Cogmind - Beta 15 @@@ ROGUE MODE // 2025.05.17 @ 15:59:45 Player: 3.14 Result: Destroyed by 33-X5C(R) with Subdweller Beam Cannon Performance ------------- Evolutions (0) 0 Regions Visited (2) 400 Robots Destroyed (11) 55 Value Destroyed (317) 317 Prototype IDs (0) 0 Alien Tech Used (0) 0 Bonus (0) 0 TOTAL SCORE: 772 Bonus ------- None Cogmind --------- Core Integrity 0/250 Matter 300/300 Energy 52/100 System Corruption 0% Temperature Cool (9) Movement Treading (160) Location -10/Subcaves Parts ------- > --- POWER (1) -------- (None) > --- PROPULSION (2) --- Light Treads > --- UTILITY (2) ------ Heat Sink Small Storage Unit > --- WEAPON (2) ------- Subdweller Laser > --- INVENTORY (8) ---- Wheel Disposable Heat Sink Light Armor Plating Light Assault Rifle Light Assault Rifle Light Assault Rifle Grenade Launcher Peak State ------------ > --- POWER ------------ Ion Engine > --- PROPULSION ------- Light Treads Light Treads > --- UTILITY ---------- Heat Sink Small Storage Unit > --- WEAPON ----------- Subdweller Laser Light Assault Rifle > --- INVENTORY -------- Wheel Disposable Heat Sink Light Armor Plating Medium Laser Subdweller Laser Light Assault Rifle Light Assault Rifle Grenade Launcher [Rating: 9] Favorites ----------- Power Ion Engine Engine Ion Engine Propulsion Light Treads Treads Light Treads Leg Aluminum Leg Utility Small Storage Unit Device Heat Sink Storage Small Storage Unit Weapon Medium Laser Energy Gun Medium Laser Ballistic Gun Light Assault Rifle Build | -11 -10 -10 ------- Run | Yrd Mat Sub Slots Evolved . | . . . Power . | . . . Propulsion . | . . . Utility . | . . . Weapon . | . . . Parts Attached 13 | 1 5 7 Power 2 | . 1 1 Engine 2 | . 1 1 Core . | . . . Reactor . | . . . Propulsion 4 | . 2 2 Treads 2 | . . 2 Leg 2 | . 2 . Wheel . | . . . Hover . | . . . Flight . | . . . Utility 1 | . 1 . Device 1 | . 1 . Storage . | . . . Processor . | . . . Hackware . | . . . Protection . | . . . Artifact . | . . . Weapon 6 | 1 1 4 Energy Gun 4 | . 1 3 Energy Cannon . | . . . Ballistic Gun 2 | 1 . 1 Ballistic Cannon . | . . . Launcher . | . . . Special Weapon . | . . . Impact Weapon . | . . . Slashing Weapon . | . . . Piercing Weapon . | . . . Special Melee Weapon . | . . . Unidentified Prototypes . | . . . Parts Lost 5 | . . 5 Power 2 | . . 2 Propulsion 1 | . . 1 Utility . | . . . Weapon 2 | . . 2 Highest Loss Streak 4 | . . 4 To Critical Strikes . | . . . Average Backups 7 | 6 6 7 Power . | 1 1 . Propulsion 1 | 4 2 1 Utility 1 | . . 1 Weapon 4 | 1 3 4 Tool/Special . | . . . Unused Backups 11 | . 5 6 Power 2 | . 1 1 Propulsion 2 | . 1 1 Utility 3 | . 1 2 Weapon 4 | . 2 2 Tool/Special . | . . . Average Slot Usage (%) 97 | . 94 98 Engine 13 | . 14 13 Treads 15 | . . 24 Leg 12 | . 27 3 Device 12 | . 8 14 Storage 14 | . 14 14 Energy Gun 18 | . 22 16 Ballistic Gun 9 | . 5 11 Peak Build Rating 9 | 6 8 9 Average Rating 7 | 6 7 8 On Entrance 6 | 6 6 8 Naked Turns . | . . . Heaviest Build 17 | 13 16 17 Greatest Support 40 | 20 20 40 Greatest Overweight (x) . | . . . Average Overweight (x) . | . . . Largest Inventory Capacity 8 | 8 8 8 Average Capacity 8 | 8 8 8 Most Carried 8 | 6 8 8 Average Carried 7 | 5 6 7 Final Capacity 8 | 8 8 8 Final Carried 8 | 4 8 7 Class Distribution -------------------- 100% | Mutant Dominant Class ---------------- Mutant | -10/Materials Mutant | -10/Subcaves Resources | -11 -10 -10 ----------- Run | Yrd Mat Sub Matter Collected 332 | 200 70 62 Remotely . | . . . Salvage Created 471 | . 227 244 Parts 26 | . 12 14 Haulers Intercepted . | . . . Recyclers Shooed . | . . . Parts Field Recycled . | . . . Retrieved Matter . | . . . Parts Self-Destructed 1 | . . 1 Prevented . | . . . Kills | -11 -10 -10 ------- Run | Yrd Mat Sub Combat Hostiles Destroyed 10 | . 5 5 Guns 10 | . 5 5 Classes Destroyed 4 | . 3 1 Recycler 1 | . 1 . Swarmer 3 | . 3 . Grunt 2 | . 2 . Subdweller 5 | . . 5 Best Kill Streak 3 | . 3 2 Combat Bots Only 3 | . 3 2 Max Kills in Single Turn 1 | . 1 1 Gunslinging . | . . . Exploded . | . . . Melee . | . . . Uniques/NPCs Destroyed . | . . . Combat | -11 -10 -10 -------- Run | Yrd Mat Sub Hostile Shots Fired 61 | . 17 44 Missed 10 | . 2 8 Hits 51 | . 15 36 Projectile 51 | . 15 36 Critical Strikes 1 | . . 1 Damage Taken 995 | . 149 846 Core 274 | . 20 254 Absorbed by Shields . | . . . Core Remaining (%) 100 | 100 . . Volleys Fired 46 | . 16 30 Largest 2 | . 2 2 Hottest 120 | . 70 120 Shots Fired 86 | . 32 54 Gun 86 | . 32 54 Cannon . | . . . Launcher . | . . . Special . | . . . Kinetic 29 | . 16 13 Thermal 57 | . 16 41 Explosive . | . . . Electromagnetic . | . . . Robot Hit Streak 20 | . 10 20 Robot Miss Streak 2 | . 2 2 Penetration Max . | . . . Secondary Targets . | . . . Shots Hit Robots 71 | . 24 47 Core Hits 24 | . 13 11 Critical Kills . | . . . Critical Parts Destroyed 1 | . . 1 Critical Strikes 2 | . 1 1 Burn 1 | . 1 . Destroy 1 | . . 1 Melee Attacks . | . . . Impact . | . . . Slashing . | . . . Piercing . | . . . Sneak Attacks . | . . . Combat Hostiles . | . . . Follow-up Attacks . | . . . Damage Inflicted 932 | . 251 681 Guns 924 | . 243 681 Cannons . | . . . Explosions . | . . . Melee . | . . . Ramming 8 | . 8 . Kinetic 193 | . 92 101 Thermal 731 | . 151 580 Explosive . | . . . Electromagnetic . | . . . Impact . | . . . Slashing . | . . . Piercing . | . . . Highest Corruption . | . . . Average Corruption . | . . . Corruption Purged . | . . . Corruption Blocked . | . . . Overload Shots . | . . . Overflow Damage . | . . . Projectiles . | . . . Explosions . | . . . Melee . | . . . Knockbacks 1 | . 1 . Impact 1 | . 1 . Kinetic . | . . . Secondary . | . . . Self-Inflicted Damage . | . . . Shots . | . . . Rammed . | . . . Targets Rammed 2 | . 2 . Kicked 2 | . 2 . Crushed . | . . . Highest Temperature 257 | . 175 257 Average Temperature 77 | . 65 169 Received Heat Transfer 476 | . 45 431 Siege Activations . | . . . Martial Activations . | . . . Shielding Activations . | . . . Robots Disrupted . | . . . Combat Hostiles . | . . . Robots Corrupted . | . . . Combat Hostiles . | . . . Parts Fried . | . . . Impact Corruptions . | . . . Robots Melted . | . . . Combat Hostiles . | . . . Parts Melted 4 | . . 4 Heat Transferred 1621 | . 518 1103 Parts Sabotaged . | . . . Parts Stolen . | . . . Parts Stripped . | . . . Power Chain Reactions . | . . . Alert | -11 -10 -10 ------- Run | Yrd Mat Sub Maximum Alert Level . | . . . Low Security (%) 100 | 100 100 . Level 1 . | . . . Level 2 . | . . . Level 3 . | . . . Level 4 . | . . . Level 5 . | . . . High Security . | . . . Max Security . | . . . Peak Influence 85 | . 85 . Initial . | . . . Average 36 | . 36 . Influence Increases 125 | . 125 . Destroy 0b10 Robot/C 100 | . 100 . Destroy 0b10 Robot/NC 5 | . 5 . Destroy Leader 20 | . 20 . Influence Decreases 125 | . 125 . Time Decay 125 | . 125 . Squads Dispatched . | . . . Investigation . | . . . Extermination . | . . . Reinforcement . | . . . Assault . | . . . Garrison . | . . . Intercept . | . . . Searches Triggered . | . . . Construction Impeded . | . . . Haulers Reinforced . | . . . Active Scanning Responses . | . . . Cargo Convoy Interrupts . | . . . Stealth | -11 -10 -10 --------- Run | Yrd Mat Sub Distress Signals 1 | . 1 . Communications Jammed . | . . . Distress Signals . | . . . Times Spotted 12 | . 6 6 Peak Tracking Total 3 | . 3 2 Tactical Retreats . | . . . Traps | -11 -10 -10 ------- Run | Yrd Mat Sub Traps Triggered 1 | . 1 . Indirectly . | . . . Trap Hack Attempts . | . . . Triggered . | . . . Disarmed . | . . . Reprogrammed . | . . . Reused . | . . . Traps Extracted . | . . . Installed . | . . . Triggered . | . . . Machines | -11 -10 -10 ---------- Run | Yrd Mat Sub Machines Disabled . | . . . Max in Single Turn . | . . . Machines Repaired . | . . . Machines Dismantled . | . . . Machines Sabotaged . | . . . Overloaded Fab Kills . | . . . Hacking | -11 -10 -10 --------- Run | Yrd Mat Sub Machines Accessed . | . . . Terminals . | . . . Fabricators . | . . . Repair Stations . | . . . Recycling Units . | . . . Scanalyzers . | . . . Garrison Access . | . . . Total Hacks . | . . . Successful . | . . . Failed . | . . . Catastrophic . | . . . Database Lockouts . | . . . Manual . | . . . Terminals . | . . . Fabricators . | . . . Repair Stations . | . . . Recycling Units . | . . . Scanalyzers . | . . . Garrison Access . | . . . Terminal Hacks . | . . . Fabricator Hacks . | . . . Repair Station Hacks . | . . . Recycling Unit Hacks . | . . . Scanalyzer . | . . . Garrison Access Hacks . | . . . Unauthorized Hacks . | . . . Terminals . | . . . Fabricators . | . . . Repair Stations . | . . . Recycling Units . | . . . Scanalyzers . | . . . Garrison Access . | . . . Data Cores Recovered . | . . . Used . | . . . Hacking Detections . | . . . Full Trace Events . | . . . Feedback Events . | . . . Feedback Blocked . | . . . Robot Schematics Acquired . | . . . Robots Built . | . . . Authchips . | . . . Time . | . . . Total Robot Build Rating . | . . . Part Schematics Acquired . | . . . Parts Built . | . . . Authchips . | . . . Time . | . . . Total Part Build Rating . | . . . Parts Repaired . | . . . Time . | . . . Parts Recycled . | . . . Recycled Matter . | . . . Retrieved Matter . | . . . Retrieved Components . | . . . Parts Scanalyzed . | . . . Part Schematics Acquired . | . . . Parts Damaged . | . . . Bothacking | -11 -10 -10 ------------ Run | Yrd Mat Sub Used RIF Installer . | . . . Robots Hacked . | . . . Non-combat . | . . . Combat . | . . . Robot Hacks Applied . | . . . Relay Couplers Released . | . . . Fabnet Peak Effective % . | . . . Robots Rewired . | . . . Allies Hacked . | . . . Hacks Repelled . | . . . Allies | -11 -10 -10 -------- Run | Yrd Mat Sub Total Allies . | . . . Largest Group . | . . . Highest-Rated Group . | . . . Highest-Rated Ally . | . . . Total Orders . | . . . Ally Attacks . | . . . Total Damage . | . . . Kills . | . . . Allies Corrupted . | . . . Allies Melted . | . . . Intel | -11 -10 -10 ------- Run | Yrd Mat Sub Active Infowar (turns) . | . . . Robot Analysis Total . | . . . Derelict Logs Recovered 1 | . . 1 Drone Launches . | . . . Drone Recoveries . | . . . Exploration | -11 -10 -10 ------------- Run | Yrd Mat Sub Turns Passed 809 | 3 293 513 Spaces Moved 416 | 1 167 248 Core . | . . . Treads 226 | . . 226 Legs 190 | 1 167 22 Wheels . | . . . Hover . | . . . Flight . | . . . Fastest Speed 120 | 120 120 120 Average Speed 141 | 120 120 156 Slowest Speed 160 | 120 120 160 Overloaded Moves . | . . . Propulsion Burnouts . | . . . Robots Hopped . | . . . Potential Cave-ins . | . . . Cave-ins Triggered . | . . . Exploration Rate (%) 16 | 2 25 21 Regions Visited 2 Branch Regions 1 Pre-discovered Areas . | . . . Known Exits Taken . | . . . Unknown Exits Taken 2 | 1 1 . Scrap Searched . | . . . Spaces Dug . | . . . Terrain Destroyed . | . . . Melee . | . . . Projectile . | . . . AOE . | . . . Terrain Rammed . | . . . Walls Destroyed . | . . . Machines Disabled . | . . . Actions | -11 -10 -10 --------- Run | Yrd Mat Sub Total 557 | 3 230 324 Wait 62 | . 32 30 Move 414 | . 166 248 Hop . | . . . Pick Up 11 | . 6 5 Fast Attach 1 | . 1 . Attach 6 | . 1 5 Detach . | . . . Swap 6 | 1 3 2 Drop 9 | 2 3 4 Fire 46 | . 16 30 Melee . | . . . Ram . | . . . Kick 2 | . 2 . Crush . | . . . Escape Stasis . | . . . Rewire . | . . . Trap . | . . . Miscellaneous . | . . . Route ------- -11/Scrapyard -10/Materials (discovered 2 exits: [*Min] / [*Sub]) -10/Subcaves (discovered 1 exit: [*Mat]) History --------- Turn | Location | Event 4 | -11/Scrapyard | Discovered new exit (range 0) 4 | -11/Scrapyard | Entered Materials 4 | -10/Materials | Discovered new exit (range 8) 280 | -10/Materials | Discovered new exit (range 5) 297 | -10/Materials | Entered Subcaves 298 | -10/Subcaves | Approached by a straggling Scientist 306 | -10/Subcaves | Build established: Mutant 597 | -10/Subcaves | Learned Materials interactive machine intel 645 | -10/Subcaves | Discovered new exit (range 11) 788 | -10/Subcaves | Core integrity fell below 50% 798 | -10/Subcaves | Core integrity fell below 20% 810 | -10/Subcaves | Destroyed by 33-X5C(R) with Subdweller Beam Cannon Last Messages --------------- 00517_ Acquired 17 matter. 00521_ Acquired Sub. Laser. 00541_ Acquired 10 matter. 00543_ 8W-FPY(R): "LEAVESUB!" 00563_ Sub. Monowheel melted. 00563_ Disposable Heat Sink melted. 00563_ 8W-FPY(R) destroyed. 00571_ Acquired 5 matter. 00597_ Acquired derelict log, extracted data. Data stored: Materials interactive machine intel. 00645_ EXIT=FOUND 00745_ A thin wall crumbles away, revealing a door. 00796_ Med. Laser destroyed. 00800_ Lgt. Treads destroyed. 00801_ Destroyed Scrap Shield. 00801_ Ion Engine destroyed. 00803_ Sub. Laser destroyed. 00806_ VF-ZIC(R) suffers critical hit (Destroy). 00806_ Destroyed Sub. Power Source. 00808_ VF-ZIC(R) destroyed. Map ----- +----------------------------------------------------+ | ?????????????????????????????????????????????????? | | ?????????????????????????????????????????????????? | | ?????????????????????????????????????????????????? | | ?????????????????????????????????????????????????? | | ?????????????????????????????????????????????????? | | ?????????????????????????????????????????????????? | | ?????????????????????????????????????????????????? | | ?????????????????????????????????????????????????? | | ?????????????????????????????????????????????????? | | ?????????????????????????????????????????????????? | | ?????????????????????????????????????????????????? | | ?????????????????????????????????????????????????? | | ?????????????????????????????????????????????????? | | ?????????????????????????????????????????????????? | | ?????????????????????????????????????????????????? | | ?????????????????????????????????????????????????? | | ?????????????????????? ?????????????????????????? | | ?????????????????????? ?????????????????????????? | | ?????????????????????? ????????????????????????? | | ?????????????????????? #????????????????????????? | | ?????????????????????# ????????????????????????? | | ?????????????????????# #????????????????????????? | | ????????????????????## ????????????????????????? | | ????????????????????# #????????????????????????? | | ????????????????????## ###?????????????????????? | | ???????????????????## @&#?????????????????????? | | ??????????????????## R #%#???? ????????????????? | | ????????????????### ###&#???"" #??????????????? | | ????????????????# ## #??"""""##""??????????? | | ???????????????## # ###"""" ??????????? | | ???????????????" # "" "" %???????? | | ???????????????## ## #??????????????? | | ????????????????## ## #### ##??????????????? | | ??????????????#### ####????????????????????? | | ??????????????# ###???????????????????????? | | ??????????????# #?????????????????????????? | | ??????????????# #?????????????????????????? | | ??????????????## ##?????????????????????????? | | ???????????????# #??????????????????????????? | | ???????????????# #??????????????????????????? | | ???????????????# #??????????????????????????? | | ???????????????# #??????????????????????????? | | ???????????????#### #??????????????????????????? | | ??????????????????# ##??????????????????????????? | | ?????????????????## ##??????????????????????????? | | ?????????????????# #??????????????????????????? | | ?????????????????# #??????????????????????????? | | ????????????????## #??????????????????????????? | | ????????????????# #??????????????????????????? | | ????????????????## #??????????????????????????? | +----------------------------------------------------+ Best States ------------- Heat Dissipation 35 Energy Generation 10 Energy Capacity 250 Matter Stores 300 Matter Capacity 300 Sight Range 16 Terrain Scan Density 10 Evasion (%) 55 Recoil Reduction 2 Item Schematics ----------------- None Robot Schematics ------------------ None Fabricated ------------ Nothing Repaired ---------- Nothing Alien Tech Used ----------------- None Achievements -------------- None Challenges ------------ None Game ------ Seed ImpulseHeartRail Manual? 0 Play Time 00:06:57 Cumulative 907.8 hours Start 2025.05.17 @ 15:55:24 End 2025.05.17 @ 15:59:45 Sessions 1 Manual Loads 0 Difficulty Rogue Special Mode None Game No. 1489 Rogue 1489 Adventurer 0 Explorer 0 Win Type - Total 88 Types 54/1/14/14/4/0/0/1/0/0 Lore% 83 Gallery% 81 Achievement% 85 Wizard Run 0 Options --------- Layout 0 ASCII 1 Keyboard 0 Movement Numpad Keybinds 1 Fullscreen 2 Font 18/SmallcapsGlow Map View 76x50 Zoom Use 0% Tactical HUD 1 Map Filters NONE Filters NONE Steam 1 RUN: 16275bd4-fcbc-485e-b179-745c46af12aa